Map: Interloper LE

Players

AZULA - Winner!

  • Race: Terran Terran
  • League: Platinum
  • Spawn Location: 11:00

Yata

  • Race: Zerg Zerg
  • League: Platinum
  • Spawn Location: 5:00

VOD

Have the link to the VOD?

Description

Time

  • Played on: Sept. 19, 2017, 10:56 p.m.
  • Length: 10:59
Show
View Real Time Build Order
Export as new Build Order

AZULA Terran - Winner!

Build Orders:  

Get SALT Encoding   

  12  0:01  SCV  
  13  0:13  SCV  
  14  0:20  Supply Depot  
  14  0:26  SCV  
  15  0:41  SCV  
  16  0:44  Supply Depot  
  16  0:49  Barracks  
  16  0:58  SCV  
  17  1:14  Supply Depot  
  17  1:22  SCV  
  18  1:47  Marine  
  19  2:00  Command Center  
  19  2:02  Refinery  
  19  2:05  Marine  
  20  2:23  Marine  
  20  2:25  Refinery  
  20  2:28  Orbital Command  
  21  2:41  Marine  
  22  2:52  Barracks  
  22  2:56  Supply Depot  
  22  2:58  Marine  
  23  3:14  Factory  
  23  3:15  Orbital Command  
  23  3:16  Marine  
  23  3:19  SCV  
  25  3:36  Barracks Reactor  
  24  4:02  Starport  
  24  4:04  Factory Tech Lab  
  25  4:17  Marine x2  
  25  4:18  Barracks Tech Lab  
  26  4:25  Siege Tank  
  26  4:30  SCV  
  30  4:35  Marine  
  30  4:48  Fusion Core  
  30  4:55  Starport Tech Lab  
  30  5:08  Marine  
  30  5:09  Marine  
  30  5:10  Stimpack  
  32  5:18  Siege Tank  
  32  5:19  Marine  
  36  5:26  Marine  
  36  5:28  Barracks, Engineering Bay  
  37  5:30  Orbital Command  
  37  5:31  Barracks  
  37  6:00  Refinery  
  37  6:02  Refinery, Bunker  
  37  6:03  Missile Turret  
  37  6:09  SCV  
  38  6:12  Battlecruiser  
  38  6:13  Supply Depot  
  44  6:20  Marine x2  
  44  6:22  Barracks Reactor  
  46  6:25  Supply Depot, SCV  
  46  6:26  SCV  
  46  6:28  Marine x2  
  50  6:45  SCV  
  50  6:46  Supply Depot  
  51  6:48  Marine  
  51  6:49  Marine  
  51  6:50  Siege Tank  
  56  6:56  Factory  
  56  6:57  SCV  
  57  7:02  Marine x2  
  57  7:03  Marine  
  57  7:05  Marine  
  57  7:06  SCV  
  62  7:15  Missile Turret  
  58  7:41  Command Center  
  58  7:50  Marine, Siege Tank  
  62  7:51  Marine x2  
  63  8:02  Marine  
  63  8:03  SCV  
  60  8:06  Marine  
  60  8:07  Marine  
  59  8:15  SCV  
  60  8:20  Bunker  
  60  8:22  Siege Tank  
  60  8:24  Factory Tech Lab  
  63  8:40  Marine  
  64  8:44  SCV  
  65  8:54  SCV  
  65  8:55  Command Center  
  66  8:58  Barracks Reactor  
  66  9:05  SCV  
  66  9:09  Orbital Command  
  67  9:20  Siege Tank  
  67  9:21  Marine  
  67  9:22  SCV  
  69  9:35  Supply Depot  
  69  9:37  Supply Depot  
  72  9:38  Siege Tank  
  72  9:48  Missile Turret  
  72  9:57  Marine x2  
  72  9:58  Marine  
  75  10:01  Medivac  
  75  10:02  SCV  
  78  10:11  Missile Turret  
  78  10:25  Marine, Missile Turret  
  79  10:32  SCV  
  80  10:40  SCV  
  81  10:45  SCV  
Show
View Real Time Build Order
Export as new Build Order

Yata Zerg 

Build Orders: Pool First 

Get SALT Encoding   

  12  0:02  Drone  
  13  0:13  Overlord  
  14  0:21  Drone  
  14  0:32  Drone x2  
  16  0:36  Drone  
  17  1:08  Extractor  
  17  1:10  Spawning Pool  
  15  1:13  Drone  
  15  1:14  Drone x2  
  18  1:25  Drone  
  19  1:41  Drone  
  20  1:52  Drone  
  21  1:58  Overlord  
  21  2:09  Hatchery, Queen  
  21  2:14  Metabolic Boost  
  22  2:17  Zergling x2  
  23  2:34  Drone x2  
  25  2:40  Zergling x2  
  26  2:47  Queen  
  28  3:00  Evolution Chamber  
  28  3:01  Drone x2  
  28  3:03  Baneling Nest  
  28  3:22  Drone  
  28  3:23  Drone x4  
  33  3:31  Zerg Melee Weapons Level 1  
  33  3:39  Zergling x4  
  35  3:44  Spore Crawler, Queen  
  35  3:45  Spore Crawler  
  35  3:50  Overlord  
  35  4:04  Drone  
  35  4:07  Overlord x2  
  35  4:08  Queen  
  38  4:13  Overlord  
  38  4:15  Zergling x2  
  38  4:16  Drone x3  
  42  4:23  Drone  
  42  4:24  Drone  
  44  4:33  Zergling x4  
  46  4:52  Lair  
  46  5:01  Queen  
  45  5:08  Zergling x12  
  45  5:09  Zergling x4  
  45  5:11  Overlord, Hatchery  
  52  5:19  Baneling x4  
  52  5:24  Drone x2  
  52  5:25  Drone  
  52  5:26  Drone  
  52  5:27  Drone  
  57  5:37  Zerg Missile Weapons Level 1  
  57  5:41  Zergling x2  
  57  5:42  Zergling x12  
  64  5:57  Hydralisk Den, Drone  
  64  6:01  Extractor, Drone x3  
  66  6:11  Overseer  
  66  6:13  Baneling  
  66  6:14  Baneling  
  67  6:18  Drone  
  70  6:25  Drone x6  
  70  6:26  Overlord  
  70  6:27  Overlord x2  
  65  6:48  Hydralisk x3  
  65  6:51  Zergling x16  
  79  6:55  Drone x3  
  82  7:03  Drone x3  
  82  7:05  Extractor, Drone  
  85  7:15  Baneling x4  
  85  7:19  Zergling x12  
  91  7:26  Hatchery  
  90  7:30  Queen  
  90  7:32  Queen x2  
  96  7:41  Hydralisk  
  98  7:52  Overlord x5  
  98  7:53  Overlord x2  
  89  7:58  Drone  
  78  8:06  Queen  
  78  8:09  Hydralisk  
  78  8:10  Hydralisk x5  
  82  8:15  Zergling x2  
  82  8:16  Zergling x8  
  82  8:43  Zergling x2  
  82  8:44  Zergling x20  
  82  8:47  Hydralisk x2  
  97  9:01  Drone x9  
  106  9:09  Infestation Pit  
  105  9:10  Hydralisk  
  105  9:11  Hydralisk  
  105  9:16  Overseer  
  109  9:19  Pneumatized Carapace  
  109  9:24  Extractor x2  
  91  9:42  Hydralisk  
  91  9:43  Hydralisk x3  
  99  9:49  Zergling x26  
  112  9:59  Extractor  
  111  10:06  Extractor  
  111  10:07  Extractor  
  109  10:15  Queen  
  111  10:21  Drone  
  111  10:22  Drone x11  
  111  10:24  Overlord  
Tags
 
Matchup
TvZ
Opening
Pool First
Replay Pack
Pack 1
Spawn Locations
Cross Positions
Add a new tag
Caveats
  • Supply blocks, unpowered buildings, or Contaminate may cause inaccurate times.
  • Supply counts are checked every 10 seconds.